TOP OF THE 1ST |
Inland Empire 66ers batting - Pitching for Bakersfield Blaze : RHP Rob Wilbur
|
Pitching: RHP Rob Wilbur
|
|
Batting: RHB Gilberto Millena
|
0-0: Ball 1-0: Called Strike 1-1: Fly out, F8 (Line Drive, 8RD, EV 105.0 MPH)
|
Batting: RHB Dave Moreno
|
0-0: Swinging Strike 0-1: Swinging Strike 0-2: Strikes out swinging
|
Batting: RHB Pablo Guajardo
|
0-0: Ball 1-0: Ball 2-0: Ground out 5-3 (Groundball, 56, EV 103.8 MPH)
|
Top of the 1st over - 0 runs, 0 hits, 0 errors, 0 left on base; Inland Empire 0 - Bakersfield 0 |
BOTTOM OF THE 1ST |
Bakersfield Blaze batting - Pitching for Inland Empire 66ers : RHP Kyle Setzer
|
Pitching: RHP Kyle Setzer
|
|
Batting: RHB Brian Russell
|
0-0: Ground out 1-3 (Groundball, 34S, EV 66.3 MPH)
|
Batting: RHB Kyle Brown
|
0-0: SINGLE (Line Drive, 89S, EV 105.0 MPH)
|
Batting: RHB Matt Sparkman
|
0-0: Ball Kyle Brown steals 2nd base 1-0: Called Strike 1-1: Swinging Strike 1-2: Ball 2-2: Fly out, F7 (Flyball, 7, EV 89.4 MPH)
|
Batting: RHB Justin Portillo
|
0-0: Foul Ball, location: 2F 0-1: Swinging Strike 0-2: Strikes out swinging
|
Bottom of the 1st over - 0 runs, 1 hit, 0 errors, 1 left on base; Inland Empire 0 - Bakersfield 0 |
TOP OF THE 2ND |
Inland Empire 66ers batting - Pitching for Bakersfield Blaze : RHP Rob Wilbur
|
Batting: RHB David Mendoza
|
0-0: Ball 1-0: Ball 2-0: Ball 3-0: Called Strike 3-1: Base on Balls
|
Batting: RHB Alessio Canonica
|
0-0: Swinging Strike 0-1: Ball 1-1: Ball 2-1: Grounds into double play, U6-3 (Groundball, 4M, EV 81.9 MPH)
|
Batting: RHB Pete Kennedy
|
0-0: Ball 1-0: Called Strike 1-1: Swinging Strike 1-2: Ball 2-2: Ball 3-2: SINGLE (Groundball, 34D, EV 105.0 MPH)
|
Batting: RHB Adrian Mosqueda
|
0-0: Ball 1-0: Foul Ball, location: 2F 1-1: Called Strike 1-2: Strikes out looking
|
Top of the 2nd over - 0 runs, 1 hit, 0 errors, 1 left on base; Inland Empire 0 - Bakersfield 0 |
BOTTOM OF THE 2ND |
Bakersfield Blaze batting - Pitching for Inland Empire 66ers : RHP Kyle Setzer
|
Batting: LHB Jose Onzales
|
0-0: Called Strike 0-1: Foul Ball, location: 9LDF 0-2: Ball 1-2: Strikes out swinging
|
Batting: RHB Kent McClendon
|
0-0: Ground out 6-3 (Groundball, 6, EV 85.6 MPH)
|
Batting: LHB Nate Sklarski
|
0-0: Called Strike 0-1: Called Strike 0-2: Ball 1-2: SINGLE (Line Drive, 7S, EV 107.5 MPH)
|
Batting: RHB Taylor O'Malley
|
0-0: Ball 1-0: Called Strike 1-1: Called Strike 1-2: Strikes out looking
|
Bottom of the 2nd over - 0 runs, 1 hit, 0 errors, 1 left on base; Inland Empire 0 - Bakersfield 0 |
TOP OF THE 3RD |
Inland Empire 66ers batting - Pitching for Bakersfield Blaze : RHP Rob Wilbur
|
Batting: RHB Jose Alvarado
|
0-0: Swinging Strike 0-1: Swinging Strike 0-2: Ball 1-2: Strikes out looking
|
Batting: RHB Mike Koury
|
0-0: Ball 1-0: Ball 2-0: Foul Ball, location: 5DF 2-1: Ball 3-1: DOUBLE (Flyball, 8LXD, EV 91.9 MPH)
|
Batting: RHB Gilberto Millena
|
0-0: Called Strike 0-1: Ball 1-1: Swinging Strike 1-2: Ball 2-2: Fly out, F8 (Flyball, 8RD, EV 92.5 MPH)
|
Batting: RHB Dave Moreno
|
0-0: Ball 1-0: Called Strike 1-1: Called Strike 1-2: Strikes out swinging
|
Top of the 3rd over - 0 runs, 1 hit, 0 errors, 1 left on base; Inland Empire 0 - Bakersfield 0 |
BOTTOM OF THE 3RD |
Bakersfield Blaze batting - Pitching for Inland Empire 66ers : RHP Kyle Setzer
|
Batting: RHB Fernando Castillo
|
0-0: Foul Ball, location: 7LSFF 0-1: Foul Ball, location: 2F 0-2: Ball 1-2: Ball 2-2: Ball 3-2: Ground out 5-3 (Groundball, 56S, EV 87.5 MPH)
|
Batting: RHB Brian Russell
|
0-0: Ball 1-0: Fly out, F2 (Popup, 2R, EV 88.1 MPH)
|
Batting: RHB Kyle Brown
|
0-0: Ball 1-0: Ball 2-0: SINGLE (Line Drive, 9S, EV 90.6 MPH)
|
Batting: RHB Matt Sparkman
|
0-0: Called Strike 0-1: Ball 1-1: Swinging Strike 1-2: Ball 2-2: Foul Ball, location: 3DF 2-2: Foul Ball, location: 5FF 2-2: Strikes out swinging
|
Bottom of the 3rd over - 0 runs, 1 hit, 0 errors, 1 left on base; Inland Empire 0 - Bakersfield 0 |
TOP OF THE 4TH |
Inland Empire 66ers batting - Pitching for Bakersfield Blaze : RHP Rob Wilbur
|
Batting: RHB Pablo Guajardo
|
0-0: Fly out, F8 (Flyball, 8LXD, EV 107.5 MPH)
|
Batting: RHB David Mendoza
|
0-0: Ball 1-0: Ground out 3-1 (Groundball, 34, EV 104.4 MPH)
|
Batting: RHB Alessio Canonica
|
0-0: Called Strike 0-1: Called Strike 0-2: Ball 1-2: Foul Ball, location: 9LMF 1-2: Strikes out swinging
|
Top of the 4th over - 0 runs, 0 hits, 0 errors, 0 left on base; Inland Empire 0 - Bakersfield 0 |
BOTTOM OF THE 4TH |
Bakersfield Blaze batting - Pitching for Inland Empire 66ers : RHP Kyle Setzer
|
Batting: RHB Justin Portillo
|
0-0: SINGLE (Line Drive, 89S, EV 108.8 MPH)
|
Batting: LHB Jose Onzales
|
0-0: Ball 1-0: Ball 2-0: Ball 3-0: Called Strike 3-1: DOUBLE (Groundball, 3L, EV 106.3 MPH) Justin Portillo to third
|
Batting: RHB Kent McClendon
|
0-0: Called Strike 0-1: Called Strike 0-2: Strikes out looking
|
Batting: LHB Nate Sklarski
|
0-0: Ball 1-0: DOUBLE (Flyball, 89D, EV 110.6 MPH) Justin Portillo scores Jose Onzales scores
|
Batting: RHB Taylor O'Malley
|
0-0: Ball 1-0: Ball 2-0: Ball Wild Pitch! Nate Sklarski to third 3-0: Called Strike 3-1: Ground out 4-3 (Groundball, 4, EV 79.4 MPH) Nate Sklarski scores
|
Batting: RHB Fernando Castillo
|
0-0: Ball 1-0: Swinging Strike 1-1: SINGLE (Line Drive, 9S, EV 101.9 MPH)
|
Batting: RHB Brian Russell
|
0-0: Called Strike 0-1: Foul Ball, location: 5F 0-2: Strikes out swinging
|
Bottom of the 4th over - 3 runs, 4 hits, 0 errors, 1 left on base; Inland Empire 0 - Bakersfield 3 |
TOP OF THE 5TH |
Inland Empire 66ers batting - Pitching for Bakersfield Blaze : RHP Rob Wilbur
|
Batting: RHB Pete Kennedy
|
0-0: Ball 1-0: Foul Ball, location: 5FF 1-1: Ball 2-1: SINGLE (Flyball, 34D, EV 93.1 MPH)
|
Batting: RHB Adrian Mosqueda
|
0-0: Ball Wild Pitch! Pete Kennedy to second 1-0: Called Strike 1-1: Swinging Strike 1-2: Ball 2-2: Strikes out swinging
|
Batting: RHB Jose Alvarado
|
0-0: Called Strike 0-1: SINGLE (Line Drive, 78S, EV 107.5 MPH) Pete Kennedy to third
|
Batting: RHB Mike Koury
|
0-0: Foul Ball, location: 9LDF 0-1: Swinging Strike 0-2: Ball 1-2: Strikes out swinging
|
Batting: RHB Gilberto Millena
|
0-0: Called Strike 0-1: Fly out, F6 (Line Drive, 6, EV 67.5 MPH)
|
Top of the 5th over - 0 runs, 2 hits, 0 errors, 2 left on base; Inland Empire 0 - Bakersfield 3 |
BOTTOM OF THE 5TH |
Bakersfield Blaze batting - Pitching for Inland Empire 66ers : RHP Kyle Setzer
|
Batting: RHB Kyle Brown
|
0-0: Called Strike 0-1: DOUBLE (Line Drive, 78XD, EV 110.0 MPH)
|
Batting: RHB Matt Sparkman
|
0-0: Called Strike 0-1: Foul Ball, location: 9LSF 0-2: Ball 1-2: Foul Ball, location: 2F 1-2: Foul Ball, location: 2LF 1-2: Ball 2-2: Strikes out swinging
|
Batting: RHB Justin Portillo
|
0-0: Swinging Strike 0-1: Ball 1-1: Foul Ball, location: 2F 1-2: Ball 2-2: Ball 3-2: SINGLE (Groundball, 4, EV 104.4 MPH) Kyle Brown to third
|
Batting: LHB Jose Onzales
|
0-0: Called Strike 0-1: Swinging Strike 0-2: Strikes out swinging
|
Batting: RHB Kent McClendon
|
0-0: Ball 1-0: Ball 2-0: Called Strike 2-1: Foul Ball, location: 2F 2-2: Foul Ball, location: 9LSF 2-2: Fly out, F9 (Flyball, 9D, EV 99.4 MPH)
|
Bottom of the 5th over - 0 runs, 2 hits, 0 errors, 2 left on base; Inland Empire 0 - Bakersfield 3 |
TOP OF THE 6TH |
Inland Empire 66ers batting - Pitching for Bakersfield Blaze : RHP Rob Wilbur
|
Batting: RHB Dave Moreno
|
0-0: Ground out 1-6-3 (Groundball, 15S, EV 96.9 MPH)
|
Batting: RHB Pablo Guajardo
|
0-0: Foul Ball, location: 3FF 0-1: Foul Ball, location: 2F 0-2: Ball 1-2: Strikes out looking
|
Batting: RHB David Mendoza
|
0-0: Ball 1-0: DOUBLE (Line Drive, 9LS, EV 96.9 MPH)
|
Batting: RHB Alessio Canonica
|
0-0: Ball 1-0: Reached on error, E2 (Groundball, 15S, EV 76.3 MPH) David Mendoza scores
|
Batting: RHB Pete Kennedy
|
0-0: Ball 1-0: Ground out 6-3 (Groundball, 6, EV 78.8 MPH)
|
Top of the 6th over - 1 run, 1 hit, 1 error, 1 left on base; Inland Empire 1 - Bakersfield 3 |
BOTTOM OF THE 6TH |
Bakersfield Blaze batting - Pitching for Inland Empire 66ers : RHP Kyle Setzer
|
Batting: LHB Nate Sklarski
|
0-0: Called Strike 0-1: Ball 1-1: Ball 2-1: Swinging Strike 2-2: Ball 3-2: Base on Balls
|
Pitching: RHP Chris Lopez
|
|
Batting: RHB Taylor O'Malley
|
0-0: Ball 1-0: Swinging Strike 1-1: Ball 2-1: Ball 3-1: Base on Balls Nate Sklarski to second
|
Batting: RHB Fernando Castillo
|
0-0: Called Strike 0-1: Ball 1-1: Bunted foul 1-2: Ball 2-2: Strikes out looking
|
Batting: RHB Brian Russell
|
0-0: Ball 1-0: Ball 2-0: Called Strike 2-1: Ball 3-1: Base on Balls Nate Sklarski to third Taylor O'Malley to second
|
Batting: RHB Kyle Brown
|
0-0: SINGLE (Line Drive, 89S, EV 103.1 MPH) Nate Sklarski scores Taylor O'Malley to third Brian Russell to second
|
Batting: RHB Matt Sparkman
|
0-0: Called Strike 0-1: Called Strike 0-2: Fly out, F9 (Line Drive, 9, EV 100.0 MPH)
|
Batting: RHB Justin Portillo
|
0-0: Ball 1-0: Ground out U3 (Groundball, 3S, EV 85.0 MPH)
|
Bottom of the 6th over - 1 run, 1 hit, 0 errors, 3 left on base; Inland Empire 1 - Bakersfield 4 |
TOP OF THE 7TH |
Inland Empire 66ers batting - Pitching for Bakersfield Blaze : RHP Rob Wilbur
|
Batting: RHB Adrian Mosqueda
|
0-0: SINGLE (Line Drive, 9LM, EV 102.5 MPH)
|
Batting: RHB Jose Alvarado
|
0-0: Ball 1-0: Called Strike 1-1: Swinging Strike 1-2: Strikes out swinging
|
Batting: RHB Mike Koury
|
0-0: Ball 1-0: Ball 2-0: Ball Adrian Mosqueda steals 2nd base 3-0: Base on Balls
|
Pitching: LHP Mike England
|
|
Batting: RHB Gilberto Millena
|
0-0: Ball Wild Pitch! Adrian Mosqueda to third Mike Koury to second 1-0: Foul Ball, location: 5FF 1-1: SINGLE (Line Drive, 5D, EV 97.5 MPH) Adrian Mosqueda scores Mike Koury to third
|
Batting: RHB Dave Moreno
|
0-0: Ball 1-0: Foul Ball, location: 2F 1-1: Called Strike 1-2: Strikes out swinging
|
Batting: RHB Pablo Guajardo
|
0-0: Ball 1-0: Called Strike 1-1: Reached on error, E6 (Groundball, 6, EV 101.9 MPH) Mike Koury scores Gilberto Millena to second
|
Batting: RHB David Mendoza
|
0-0: Foul Ball, location: 7LMFF 0-1: Called Strike 0-2: Ball 1-2: Ball 2-2: Ball 3-2: Strikes out swinging
|
Top of the 7th over - 2 runs, 2 hits, 1 error, 2 left on base; Inland Empire 3 - Bakersfield 4 |
BOTTOM OF THE 7TH |
Bakersfield Blaze batting - Pitching for Inland Empire 66ers : RHP Chris Lopez
|
Pitching: RHP Kelly Maas
|
|
Batting: LHB Jose Onzales
|
0-0: Foul Ball, location: 25FF 0-1: Ball 1-1: Ball 2-1: Swinging Strike 2-2: Ground out 6-3 (Groundball, 6S, EV 70.6 MPH)
|
Batting: RHB Kent McClendon
|
0-0: Called Strike 0-1: Ball 1-1: Ball 2-1: Ball 3-1: Swinging Strike 3-2: Base on Balls
|
Batting: LHB Nate Sklarski
|
0-0: Ball 1-0: Foul Ball, location: 7LDF 1-1: Swinging Strike 1-2: Strikes out swinging
|
Batting: RHB Taylor O'Malley
|
0-0: Called Strike 0-1: Ball 1-1: Called Strike 1-2: DOUBLE (Flyball, 89XD, EV 100.0 MPH) Kent McClendon to third
|
Pinch Runner at 2nd Dave Duel:
|
|
Batting: RHB Fernando Castillo
|
0-0: Ball 1-0: Called Strike 1-1: Called Strike 1-2: Ball 2-2: Foul Ball, location: 25FF 2-2: SINGLE (Line Drive, 7S, EV 105.6 MPH) Kent McClendon scores Dave Duel to third
|
Batting: RHB Brian Russell
|
0-0: DOUBLE (Flyball, 89D, EV 110.6 MPH) Dave Duel scores Fernando Castillo to third
|
Batting: RHB Kyle Brown
|
0-0: Ball 1-0: Foul Ball, location: 23F 1-1: Ball 2-1: Fly out, F8 (Flyball, 89D, EV 91.3 MPH)
|
Bottom of the 7th over - 2 runs, 3 hits, 0 errors, 2 left on base; Inland Empire 3 - Bakersfield 6 |
TOP OF THE 8TH |
Inland Empire 66ers batting - Pitching for Bakersfield Blaze : LHP Mike England
|
Pitching: LHP Aaron Craig
|
|
Now at 3B: Dave Duel
|
|
Batting: RHB Alessio Canonica
|
0-0: Called Strike 0-1: Ball 1-1: SINGLE (Line Drive, 34D, EV 103.1 MPH)
|
Batting: RHB Pete Kennedy
|
0-0: Swinging Strike 0-1: Foul Ball, location: 5DF 0-2: Ball 1-2: Foul Ball, location: 7LSF 1-2: Ball 2-2: Ball 3-2: DOUBLE (Groundball, 5L, EV 101.3 MPH) Alessio Canonica to third
|
Pinch Runner at 2nd Dave Navarro:
|
|
Batting: RHB Adrian Mosqueda
|
0-0: Reached on error, E1 (Groundball, 15S, EV 66.3 MPH)
|
Pitching: RHP Jonathan Chambers
|
|
Batting: RHB Jose Alvarado
|
0-0: Ball 1-0: Ball 2-0: Called Strike 2-1: Grounds into fielders choice 4-2 (Groundball, 4, EV 106.9 MPH) Dave Navarro to third Adrian Mosqueda to second
|
Pinch Hitting: LHB Robby Rothbaum
|
0-0: Called Strike 0-1: Called Strike 0-2: Strikes out swinging
|
Batting: RHB Gilberto Millena
|
0-0: Called Strike 0-1: Fielders Choice at 2nd, 6-4 (Groundball, 6, EV 80.6 MPH)
|
Top of the 8th over - 0 runs, 2 hits, 1 error, 3 left on base; Inland Empire 3 - Bakersfield 6 |
BOTTOM OF THE 8TH |
Bakersfield Blaze batting - Pitching for Inland Empire 66ers : RHP Kelly Maas
|
Pitching: RHP Mike James
|
|
Now at C: Robby Rothbaum
|
|
Batting: RHB Matt Sparkman
|
0-0: Foul Ball, location: 23F 0-1: Ball 1-1: Ball 2-1: Ball 3-1: Called Strike 3-2: Base on Balls
|
Batting: RHB Justin Portillo
|
0-0: Called Strike 0-1: Swinging Strike 0-2: Strikes out swinging
|
Batting: LHB Jose Onzales
|
0-0: Ball 1-0: Ball 2-0: Foul Ball, location: 5F 2-1: Called Strike 2-2: Strikes out swinging
|
Batting: RHB Kent McClendon
|
0-0: Swinging Strike 0-1: Swinging Strike 0-2: Foul Ball, location: 3SF 0-2: Ball 1-2: Foul Ball, location: 9LSF 1-2: Foul Ball, location: 2F 1-2: Ball 2-2: DOUBLE (Line Drive, 89XD, EV 105.6 MPH) Matt Sparkman to third
|
Batting: LHB Nate Sklarski
|
0-0: Foul Ball, location: 23F 0-1: Swinging Strike 0-2: Ball 1-2: Ground out 6-3 (Groundball, 56, EV 86.3 MPH)
|
Bottom of the 8th over - 0 runs, 1 hit, 0 errors, 2 left on base; Inland Empire 3 - Bakersfield 6 |
TOP OF THE 9TH |
Inland Empire 66ers batting - Pitching for Bakersfield Blaze : RHP Jonathan Chambers
|
Batting: RHB Dave Moreno
|
0-0: Called Strike 0-1: Ball 1-1: Called Strike 1-2: Strikes out swinging
|
Batting: RHB Pablo Guajardo
|
0-0: Ball 1-0: Foul Ball, location: 2F 1-1: SINGLE (Groundball, 4MD, EV 109.4 MPH)
|
Batting: RHB David Mendoza
|
0-0: Ball 1-0: Called Strike 1-1: Called Strike 1-2: SINGLE (Groundball, 34, EV 87.5 MPH) Pablo Guajardo to second
|
Batting: RHB Alessio Canonica
|
0-0: Called Strike 0-1: Swinging Strike 0-2: Strikes out swinging
|
Batting: RHB David Gutierrez
|
0-0: Ball 1-0: Called Strike 1-1: Ball 2-1: Fielders Choice at 2nd, 6-4 (Groundball, 6, EV 108.8 MPH)
|
Top of the 9th over - 0 runs, 2 hits, 0 errors, 2 left on base; Inland Empire 3 - Bakersfield 6 |
|